 Dungeon Crawl Stone Soup version 0.25-a0-565-g8875c97ebb (webtiles) character file.

Game seed: 13759883718365272929, levelgen mode: classic

50193 EnegeticOcto the Cleaver (level 14, -10/135 HPs)
             Began as a Deep Dwarf Fighter on Feb 26, 2020.
             Was the Champion of Makhleb.
             Mangled by an ogre
             ... wielding a +0 giant club
              (12 damage)
             ... on level 2 of the Orcish Mines.
             The game lasted 00:08:13 (8930 turns).

EnegeticOcto the Cleaver (Deep Dwarf Fighter)       Turns: 8930, Time: 00:08:13

Health: -10/135    AC: 12    Str: 23    XL:     14   Next: 18%
Magic:  7/7        EV:  7    Int: 11    God:    Makhleb [******]
Gold:   1049       SH:  0    Dex: 12    Spells: 13/13 levels left

rFire    . . .     SeeInvis .   t - +8 war axe (elec)
rCold    . . .     Gourm    .   E - +0 tower shield
rNeg     + . .     Faith    .   l - +0 plate armour
rPois    .         Spirit   .   d - +0 helmet
rElec    .         Reflect  .   w - +0 cloak
rCorr    .         Harm     .   (no gloves)
MR       +++..                  (no boots)
Stlth    ..........             g - amulet of the acrobat
HPRegen  0.00/turn              (no ring)
MPRegen  0.10/turn              (no ring)

@: confused, non-regenerating
A: damage resistance, heal wounds, deformed body, magic resistance 1, negative
energy resistance 1, sense surroundings 2, wild magic 1, no regeneration
a: Heal Wounds, Minor Destruction, Lesser Servant of Makhleb, Major Destruction,
Greater Servant of Makhleb, Renounce Religion


You were on level 2 of the Orcish Mines.
You worshipped Makhleb.
Makhleb was exalted by your worship.
You were not hungry.

You visited 3 branches of the dungeon, and saw 17 of its levels.
You also visited: Bailey.

You collected 1308 gold pieces.
You spent 259 gold pieces at shops.

Inventory:

Hand Weapons
 t - a +8 war axe of electrocution (weapon)
Armour
 d - a +0 helmet (worn)
 l - a +0 plate armour (worn)
 w - a +0 cloak (worn)
 E - a +0 tower shield (worn)
Jewellery
 b - an uncursed amulet of guardian spirit {unknown}
 g - an amulet of the acrobat (around neck)
 y - an uncursed ring of wizardry {unknown}
Wands
 h - a wand of acid (8) {@v1}
 p - a wand of digging (12) {@v2}
 r - a wand of iceblast (6)
 u - a wand of polymorph (21)
 v - a wand of flame (43)
 z - a wand of scattershot (8)
Scrolls
 a - a scroll of fog
 c - 2 scrolls of identify {@r1}
 f - 6 scrolls of teleportation {@r2}
 s - 8 scrolls of remove curse {@r6}
 x - 2 scrolls of enchant armour
 F - 2 scrolls of blinking {unknown}
Potions
 j - 2 potions of stabbing {@q5}
 k - 3 potions of might {@q3}
 m - 5 potions of heal wounds {@q2}
 n - a potion of haste {@q4}
 o - 3 potions of flight
 q - 2 potions of brilliance
 A - a potion of lignification {unknown}
 C - a potion of ambrosia
 D - 6 potions of curing {unknown}
 G - 4 potions of magic
 H - 2 potions of berserk rage
Comestibles
 e - 23 rations


   Skills:
 * Level 11.2 Fighting
 * Level 14.9 Axes
 + Level 9.6 Armour
 - Level 7.1 Dodging
 * Level 11.2 Shields
 + Level 10.3 Invocations


You had 13 spell levels left.
You didn't know any spells.
Your spell library was empty.

Dungeon Overview and Level Annotations

Branches:
Dungeon (14/15)            Temple (1/1) D:4            Lair (0/6) D:8
    Orc (2/2) D:10            Elf (0/3) Orc:2        Vaults (0/5) D:14
 Bailey (visited)

Altars:
Ashenzari
Cheibriados
Dithmenos
Elyvilon
Fedhas
Gozag
Hepliaklqana
Kikubaaqudgha
Makhleb
Nemelex Xobeh
Okawaru
Qazlal
Ru
Sif Muna
Trog
Uskayaw
Vehumet
Wu Jian
Xom
Yredelemnul
Zin
The Shining One

Shops:
D:8 ?(([[

Annotations:
D:5 1 exclusion
D:10 2 transporters, Flugslaktarn's ghost, journeyman FoFi
D:11 2 transporters, Lugonue's ghost, novice FeVM


Innate Abilities, Weirdness & Mutations

You are resistant to damage.
You can heal yourself by infusing magical energy.
You resist negative energy. (rN+)
You passively map the area around you.
You do not regenerate.
Armour fits poorly on your strangely shaped body.
You are resistant to hostile enchantments. (MR+)
Your spells are a little harder to cast, but a little more powerful.


Message History

A demon appears!
It doesn't seem very happy.
The ogre shouts!
You hear a shout!
You hear two shouts!
An ogre comes into view. It is wielding a +0 giant club.
You block the two-headed ogre's attack.
The two-headed ogre hits you with a +0 giant spiked club!
You block the troll's attack.
The troll claws you but does no damage. x2
The troll bites you but does no damage. The troll barely misses you.
You block the troll's attack.
A troll comes into view.
A two-headed ogre comes into view.
It is wielding a +1 vorpal dire flail and a +0 giant club.
A demon appears!
You block the two-headed ogre's attack.
The two-headed ogre hits you with a +0 giant spiked club.
The two-headed ogre hits your smoke demon with a +0 vorpal dire flail!
The two-headed ogre barely misses your smoke demon.
You block the troll's attack. The troll barely misses you.
The troll claws you but does no damage. The cacodemon hits you!
The cacodemon hits you but does no damage.
You feel much better. You block the troll's attack.
The troll barely misses you. You block the troll's attack.
The two-headed ogre hits you with a +0 giant spiked club! x2
Your smoke demon hits the troll.
Your smoke demon hits the troll but does no damage. x2
You block the cacodemon's attack. x2
The two-headed ogre barely misses your smoke demon.
The two-headed ogre hits your smoke demon with a +0 giant club!!
Your magical essence is drained by the effort!
You feel much better. The deep troll bites you!
The deep troll barely misses you. The deep troll claws you!
The troll bites you.
You block the troll's attack. x2; The cacodemon hits you!
You block the cacodemon's attack.
Your smoke demon hits the two-headed ogre but does no damage.
Your smoke demon hits the two-headed ogre. x2
A demon appears!
The two-headed ogre hits your smoke demon with a +0 vorpal dire flail!
The two-headed ogre barely misses your smoke demon.
You block the deep troll's attack.
The deep troll claws you but does no damage.
The deep troll barely misses you. The troll bites you.
You block the troll's attack. x2; The cacodemon hits you! x2
Your smoke demon hits the two-headed ogre!
Your smoke demon hits the two-headed ogre. x2
You feel much better.
The two-headed ogre completely misses you.
The two-headed ogre hits you but does no damage.
The deep troll bites you but does no damage.
You block the deep troll's attack.
The deep troll claws you but does no damage.
The two-headed ogre completely misses you.
The two-headed ogre hits you with a +0 giant spiked club!
The two-headed ogre hits your smoke demon with a +0 vorpal dire flail!
Your smoke demon dies!
An ogre comes into view. It is wielding a +0 giant spiked club.
You block the troll's attack. The troll barely misses you.
The troll claws you but does no damage.
Your hellwing barely misses the two-headed ogre.
Your hellwing hits the two-headed ogre. The cacodemon hits you! x2
Your magical essence is drained by the effort!
You feel much better.
The ogre mage gestures at the two-headed ogre while chanting.
The two-headed ogre seems to speed up.
You block the deep troll's attack. x2
The deep troll claws you!
The two-headed ogre hits you with a +0 giant spiked club!!
The two-headed ogre barely misses you. You block the troll's attack.
The troll claws you but does no damage. You block the troll's attack.
You block the two-headed ogre's attack.
The two-headed ogre completely misses you.
Your hellwing hits the two-headed ogre. x2
The cacodemon gestures at you.
You are confused.
You are too confused!
Okay, then.
It was a potion of heal wounds.
You feel much better.
The two-headed ogre hits you with a +0 giant spiked club!!
The two-headed ogre hits you with a +0 giant club.
The ogre mage hits you with a +0 club.
The deep troll bites you but does no damage.
The deep troll closely misses you. The deep troll barely misses you.
The two-headed ogre hits you with a +0 vorpal dire flail!!
* * * LOW HITPOINT WARNING * * *
The two-headed ogre hits you with a +0 giant club.
* * * LOW HITPOINT WARNING * * *
The troll barely misses you. The troll claws you.
* * * LOW HITPOINT WARNING * * *
The troll claws you. The cacodemon hits you!
* * * LOW HITPOINT WARNING * * *
The cacodemon hits you!
* * * LOW HITPOINT WARNING * * *
Your hellwing hits the two-headed ogre! Your hellwing hits the two-headed ogre.
You feel much better. The ogre hits you with a +0 giant club.
The two-headed ogre hits you with a +0 giant spiked club!
* * * LOW HITPOINT WARNING * * *
The two-headed ogre hits you with a +0 giant club!
* * * LOW HITPOINT WARNING * * *
The two-headed ogre hits you with a +0 giant spiked club. x2
The ogre mage hits you with a +0 club.
The two-headed ogre hits you with a +0 vorpal dire flail!
* * * LOW HITPOINT WARNING * * *
x2 The two-headed ogre barely misses you.
The ogre hits you with a +0 giant club!
You die...

, , , , , , * , ,
..#............, ,,
................
................., , ,,
...O.............. , , ,
, , ..................*
,, .....TTT...........
##. ,
....OOTOO.........#*##..
.....OT@O......#..###...
, , ,
.....OO2O4..........#...
#.......................
#.....#...)().....^.#...
,, ,
....#.##..)(....#.##....
,,
..........#(.....####...
,,
*........^.)#.#)..##.....
* *,
#.###......##)))).......
, , ###....###).........


You could see a cacodemon, 4 two-headed ogres, an ogre mage, a deep troll, 4
trolls, 5 ogres and a friendly hellwing.

Vanquished Creatures
  Nessos (D:14)
  Fannar (D:11)
  Erolcha (Orc:2)
  2 centaur warriors (D:14)
  Erica (Orc:1)
  8 two-headed ogres
  4 unseen horrors
  2 orc knights
  2 orc sorcerers
  Pikel (D:9)
  A deep elf mage (D:14)
  4 manticores
  2 ugly things
  5 cyclopes
  2 centaur zombies
  Maurice (D:9)
  2 centaur skeletons
  An efreet (D:13)
  3 meliai (D:13)
  4 trolls
  4 slime creatures (D:14)
  2 hornets
  Prince Ribbit (D:5)
  2 hippogriffs
  A redback (D:14)
  A yak (shapeshifter) (D:13)
  Eustachio (D:5)
  A vampire (D:11)
  8 yaks
  A steam dragon (D:8)
  17 humans
  2 hungry ghosts
  A warg (D:10)
  2 vampire mosquitoes (D:14)
  A soldier ant (D:14)
  An acid dragon (D:14)
  4 porcupines (D:8)
  2 hornet zombies (D:14)
  4 sky beasts
  An ice beast (D:10)
  An eye of draining (D:12)
  15 orc warriors
  2 black bears (D:8)
  23 ogres
  A necrophage (D:8)
  2 phantoms
  14 centaurs
  A crocodile (D:13)
  2 big kobolds
  14 bullfrogs
  5 scorpions
  21 killer bees
  9 wights
  A howler monkey (D:8)
  2 bullfrog zombies
  4 crimson imps
  8 hounds
  4 jellies
  10 orc priests
  23 orc wizards
  3 iguanas
  2 bullfrog skeletons
  9 worker ants
  A killer bee zombie (D:8)
  A hound zombie (D:9)
  2 worker ant zombies
  A howler monkey skeleton (D:5)
  A howler monkey zombie (D:6)
  21 gnolls
  7 adders
  2 shadow imps
  2 oozes
  An adder skeleton (D:7)
  A dart slug (D:1)
  3 leopard geckos
  63 orcs
  2 goblins (D:1)
  13 hobgoblins (Bailey)
  5 jackals
  A quokka (D:5)
  5 bats
  10 kobolds
  A quokka skeleton (D:5)
  A fungus (D:8)
425 creatures vanquished.

Vanquished Creatures (collateral kills)
  A wolf spider simulacrum (D:13)
1 creature vanquished.

Vanquished Creatures (others)
  7 fungi (D:8)
  8 plants (D:8)
15 creatures vanquished.

Grand Total: 441 creatures vanquished

Notes
Turn   | Place    | Note
-------+----------+-------------------------------------------
     0 | D:1      | EnegeticOcto the Deep Dwarf Fighter began the quest for the
                  | Orb.
     0 | D:1      | Reached XP level 1. HP: 20/20 MP: 1/1
   117 | D:1      | Reached XP level 2. HP: 27/27 MP: 2/2
   262 | D:3      | Reached skill level 3 in Axes
   262 | D:3      | Reached skill level 1 in Dodging
   262 | D:3      | Reached XP level 3. HP: 27/34 MP: 3/3
   322 | D:4      | Found a staircase to the Ecumenical Temple.
   325 | D:4      | Noticed an ogre
   340 | D:4      | Reached XP level 4. HP: 42/42 MP: 3/3
   344 | D:4      | Killed an ogre
   344 | D:4      | Reached XP level 5. HP: 29/50 MP: 4/4
   356 | Temple   | Entered the Ecumenical Temple
   445 | Temple   | Became a worshipper of Makhleb the Destroyer
   877 | D:4      | Found a blossoming altar of Fedhas.
   942 | D:5      | Entered Level 5 of the Dungeon
  1032 | D:5      | Reached skill level 4 in Axes
  1102 | D:5      | Reached XP level 6. HP: 26/57 MP: 5/5
  1108 | D:5      | Noticed Prince Ribbit
  1117 | D:5      | Killed Prince Ribbit
  1117 | D:5      | Reached skill level 1 in Invocations
  1170 | D:5      | Noticed a sky beast
  1190 | D:5      | Killed a sky beast
  1190 | D:5      | Reached XP level 7. HP: 52/66 MP: 7/7
  1307 | D:5      | Reached skill level 5 in Axes
  1422 | D:5      | Reached * piety under Makhleb
  1425 | D:5      | Found a glowing golden altar of the Shining One.
  1491 | D:5      | Noticed Eustachio
  1518 | D:5      | Killed Eustachio
  1641 | D:5      | Found a shadowy altar of Dithmenos.
  1685 | D:5      | Reached skill level 5 in Fighting
  1727 | D:5      | Found a snail-covered altar of Cheibriados.
  1750 | D:5      | Found a shimmering altar of Xom.
  1846 | D:6      | Reached XP level 8. HP: 33/74 MP: 8/8
  1982 | D:6      | Reached skill level 6 in Axes
  1982 | D:6      | Reached skill level 5 in Armour
  1982 | D:6      | Reached skill level 5 in Shields
  2154 | D:6      | Found a shattered altar of Ashenzari.
  2477 | D:7      | Reached ** piety under Makhleb
  2481 | D:7      | Gained mutation: You passively map the area around you.
                  | [Deep Dwarf growth]
  2481 | D:7      | Reached XP level 9. HP: 53/82 MP: 6/6
  2482 | D:7      | Reached skill level 7 in Axes
  2588 | D:7      | Reached skill level 5 in Invocations
  2838 | D:7      | Found a glowing silver altar of Zin.
  2838 | D:7      | Found a sacrificial altar of Ru.
  3005 | D:8      | Reached skill level 5 in Dodging
  3030 | D:8      | Found a staircase to the Lair.
  3036 | D:8      | Reached skill level 8 in Axes
  3059 | D:8      | Reached XP level 10. HP: 56/94 MP: 7/7
  3100 | D:8      | Found Coawotia's Antique Armour Boutique.
  3123 | D:8      | Reached *** piety under Makhleb
  3151 | D:8      | Noticed a green ugly thing
  3163 | D:8      | Killed a green ugly thing
  3176 | D:8      | Found Ojiseoje's Antique Armour Shop.
  3302 | D:8      | Found a sparkling altar of Nemelex Xobeh.
  3382 | D:8      | Found Vyuranoc's Magic Scroll Shop.
  3386 | D:8      | Bought a scroll of enchant weapon for 105 gold pieces
  3386 | D:8      | Bought a scroll of enchant armour for 105 gold pieces
  3386 | D:8      | Bought a scroll of magic mapping for 49 gold pieces
  3421 | D:8      | Found a shimmering blue altar of Sif Muna.
  3501 | D:8      | Found a basalt altar of Yredelemnul.
  3554 | D:8      | Found a white marble altar of Elyvilon.
  3612 | D:8      | Found Tubuseg's Antique Weapon Boutique.
  3629 | D:8      | Found Kegic's Weapon Emporium.
  3658 | D:8      | Reached skill level 9 in Axes
  3718 | D:8      | Found a stormy altar of Qazlal.
  3964 | D:9      | Noticed a two-headed ogre
  3985 | D:9      | Killed a two-headed ogre
  4421 | D:9      | Noticed Maurice
  4446 | D:9      | Killed Maurice
  4464 | D:9      | Noticed Pikel
  4473 | D:9      | Killed Pikel
  4538 | D:9      | Killed an unseen horror
  4538 | D:9      | Reached XP level 11. HP: 80/104 MP: 7/7
  4777 | D:10     | Entered Level 10 of the Dungeon
  4779 | D:10     | Identified a scroll of acquirement
  4779 | D:10     | Identified the ring "Lossub" {rF+ rN+ Dex+2} (You acquired
                  | it on level 10 of the Dungeon)
  4920 | D:10     | Found a transporter.
  4920 | D:10     | Noticed a yaktaur captain
  4920 | D:10     | Noticed Flugslaktarn's ghost (journeyman FoFi)
  4922 | D:10     | Found a transporter.
  4970 | D:10     | Reached **** piety under Makhleb
  4975 | D:10     | Killed an unseen horror
  4975 | D:10     | Reached skill level 10 in Axes
  5025 | D:10     | Found a staircase to the Orcish Mines.
  5444 | D:11     | Reached ***** piety under Makhleb
  5454 | D:11     | Found a transporter.
  5456 | D:11     | Found a transporter.
  5457 | D:11     | Noticed Lugonue's ghost (novice FeVM)
  5536 | D:11     | Found a snail-covered altar of Cheibriados.
  5580 | D:11     | Noticed Fannar
  5613 | D:11     | Killed Fannar
  5671 | D:11     | Found a white marble altar of Elyvilon.
  6223 | D:12     | Noticed a two-headed ogre
  6230 | D:12     | Killed a two-headed ogre
  6261 | D:12     | Found a flagged portal.
  6282 | Bailey   | Entered a bailey
  6552 | D:12     | Reached skill level 13 in Axes
  6552 | D:12     | Reached XP level 12. HP: 92/115 MP: 9/9
  6722 | D:12     | Reached XP level 13. HP: 122/122 MP: 10/10
  7142 | D:13     | Reached skill level 10 in Fighting
  7391 | D:13     | Reached skill level 14 in Axes
  7546 | D:13     | Reached ****** piety under Makhleb
  7867 | D:14     | Found a gate to the Vaults.
  7867 | D:14     | Noticed Nessos
  7875 | D:14     | Reached skill level 10 in Shields
  7903 | D:14     | Killed Nessos
  8088 | D:14     | Gained mutation: Armour fits poorly on your strangely
                  | shaped body. [potion of mutation]
  8088 | D:14     | Gained mutation: You are resistant to hostile enchantments.
                  | (MR+) [potion of mutation]
  8088 | D:14     | Gained mutation: Your spells are a little harder to cast,
                  | but a little more powerful. [potion of mutation]
  8230 | D:14     | Found a blossoming altar of Fedhas.
  8396 | Orc:1    | Entered Level 1 of the Orcish Mines
  8396 | Orc:1    | Noticed Erica
  8406 | Orc:1    | Killed Erica
  8406 | Orc:1    | Reached skill level 10 in Invocations
  8446 | Orc:1    | Found a bloodstained altar of Trog.
  8518 | Orc:1    | Gained mutation: You resist negative energy. (rN+) [Deep
                  | Dwarf growth]
  8518 | Orc:1    | Reached XP level 14. HP: 135/135 MP: 9/9
  8762 | Orc:2    | Entered Level 2 of the Orcish Mines
  8789 | Orc:2    | Found a staircase to the Elven Halls.
  8848 | Orc:2    | Noticed Erolcha
  8859 | Orc:2    | Killed Erolcha
  8922 | Orc:2    | Noticed a cacodemon
  8929 | Orc:2    | HP: 6/135 [cacodemon[the player character] (12)]
  8930 | Orc:2    | HP: 2/135 [two-headed ogre/+0 vorpal dire flail (1)]
  8930 | Orc:2    | Mangled by an ogre

Levels and vault maps discovered:
D:1:      minmay_arrival_three_doors, layout_basic
D:2:      layout_basic, trog_three_pillars_becter
D:3:      layout_rooms, lemuel_round_altar, first_ration, minmay_vboxes
D:4:      layout_basic, lemuel_coloured_pillars_altar, minmay_temple_entry_waves
D:5:      layout_loops_cross, kennysheep_mini, nicolae_tso_swordbearing_angel,
          cheibrodos_worm_habitat, grunt_dithmenos_shadows, uniq_prince_ribbit1,
          uniq_eustachio
D:6:      layout_loops_cross, cheibrodos_ashenzari_chains
D:7:      layout_cave_pools, gammafunk_temple_overflow_wave
D:8:      layout_gridville, kennysheep_ying_yang, marbit_many_paths,
          nicolae_overflow_crystal_walls, lemuel_round_altar,
          due_lair_maze_entry_diamond, serial_shops, kennysheep_little_box,
          shop_fountains, nicolae_shop_window_shopping, shop,
          nicolae_shop_overgrown_old_shop, blue_anna_alchemist
          [blue_anna_fruit_fields, blue_anna_fruit_fields],
          minmay_misc_feat_diagonals
D:9:      layout_loops_cross, chequers_serial_rivers_large_b, st_stairs_5,
          uniq_maurice, uniq_pikel
D:10:     layout_loops_cross, erik_orc_4, gammafunk_ghost_arena, hex_tiny
D:11:     layout_basic, gammafunk_ghost_hive, basic_altar, elyvilon_altar_5,
          uniq_fannar
D:12:     layout_rooms, enter_bailey_6
D:13:     layout_irregular_city
D:14:     layout_irregular_city, david_vaults_3, fedhas_altar_1
Temple:   jpeg_temple_island
Orc:1:    layout_diamond_mine, trog_butcher_becter, uniq_erica
Orc:2:    st_orc_open, layout_caves, serial_shops, shop_coins,
          elves_outpost_lemuel, uniq_erolcha

Skill      XL: |  1  2  3  4  5  6  7  8  9 10 11 12 13 14 |
---------------+-------------------------------------------+-----
Fighting       | 3 4 5 6 7 8 9 11 | 11.2
Axes           | 3 4 5 6 8 9 13 14 | 14.9
Dodging        | 1 2 3 4 5 6 7 |  7.1
Shields        | 4 5 6 7 8 10 11 | 11.2
Armour         | 4 5 6 7 8 9 |  9.6
Invocations    | 2 3 4 5 7 8 10 | 10.3

Action                   |  1- 3 |  4- 6 |  7- 9 | 10-12 | 13-15 || total
-------------------------+-------+-------+-------+-------+-------++-------
Melee: War axe           |    89 |    84 |   427 |   527 |   321 ||  1448
Invok: Lesser Servant of |       |       |       |       |     4 ||     4
       Greater Servant o |       |       |       |       |     1 ||     1
 Abil: Heal Wounds       |     4 |     5 |    17 |    12 |    12 ||    50
Evoke: Wand              |       |     1 |     5 |     2 |       ||     8
  Use: Potion            |       |       |     2 |     1 |     3 ||     6
       Scroll            |       |       |       |    18 |     2 ||    20
 Stab: Paralysed         |       |     2 |     4 |       |       ||     6
  Eat: Chunk             |       |     1 |     7 |    12 |     7 ||    27
       Ration            |       |       |       |     3 |       ||     3
Armor: Scale mail        |    80 |    43 |    49 |       |       ||   172
       Plate armour      |       |       |   364 |   325 |   123 ||   812
Dodge: Dodged            |    36 |    14 |   209 |   200 |   117 ||   576
Block: Kite shield       |    87 |    32 |   372 |   245 |       ||   736
       Tower shield      |       |       |       |   130 |   329 ||   459

Table legend:
 A = Non-vault XP
 B = Vault XP
 C = Vault XP percentage of total XP
 D = Non-vault monster count
 E = Vault monster count
 F = Vault count percentage of total count
                 A         B        C        D         E       F
            +---------+---------+-------+---------+---------+-------
      Total |   37034 |   18849 |  33.7 |     311 |     114 |  26.8
            +---------+---------+-------+---------+---------+-------
        D:1 |      19 |       0 |   0.0 |       7 |       0 |   0.0
        D:2 |       4 |       0 |   0.0 |       2 |       0 |   0.0
        D:3 |      57 |       0 |   0.0 |       6 |       0 |   0.0
        D:4 |     162 |       0 |   0.0 |       3 |       0 |   0.0
        D:5 |     462 |     575 |  55.4 |      20 |       3 |  13.0
        D:6 |    1274 |       0 |   0.0 |      29 |       0 |   0.0
        D:7 |    1493 |       0 |   0.0 |      25 |       0 |   0.0
        D:8 |    1988 |    1628 |  45.0 |      27 |      13 |  32.5
        D:9 |    2337 |    1399 |  37.4 |      18 |       6 |  25.0
       D:10 |    2163 |     683 |  24.0 |      23 |      15 |  39.5
       D:11 |    2072 |     831 |  28.6 |      20 |       1 |   4.8
       D:12 |    7684 |       0 |   0.0 |      41 |       0 |   0.0
       D:13 |    7907 |       0 |   0.0 |      34 |       0 |   0.0
       D:14 |    6042 |    6285 |  51.0 |      23 |      20 |  46.5
      Orc:1 |    2293 |    1150 |  33.4 |      24 |       5 |  17.2
      Orc:2 |    1077 |    5957 |  84.7 |       9 |      17 |  65.4
     Bailey |       0 |     341 | 100.0 |       0 |      34 | 100.0
            +---------+---------+-------+---------+---------+-------
